 Dungeon Crawl Stone Soup version 0.21.1-1-g345015f (webtiles) character file.

218 inmateoo the Caller (level 5, -5/35 HPs)
             Began as a Demonspawn Summoner on Feb 8, 2018.
             Killed from afar by a white imp (9 damage)
             ... with a puff of frost
             ... summoned by inmateoo's ghost
             ... on level 3 of the Dungeon.
             The game lasted 00:04:31 (3147 turns).

inmateoo the Caller (Demonspawn Summoner)           Turns: 3147, Time: 00:04:32

Health: -5/35      AC:  3    Str:  8    XL:     5   Next: 63%
Magic:  9/9        EV: 13    Int: 18    God:
Gold:   115        SH:  0    Dex: 13    Spells: 0/10 levels left

rFire    . . .     SeeInvis .   f - +1 short sword (speed)
rCold    . . .     Gourm    .   (no shield)
rNeg     . . .     Faith    .   a - +1 robe
rPois    .         Spirit   .   (helmet restricted)
rElec    .         Reflect  .   i - scarf {cloud immunity}
rCorr    .         Harm     .   (no gloves)
MR       .....                  (no boots)
Stlth    +++.......             (no amulet)
HPRegen  0.11/turn              (no ring)
MPRegen  0.11/turn              (no ring)

@: no status effects
A: horns 1, nightstalker 1
a: no special abilities


You were on level 3 of the Dungeon.
You were not hungry.

You visited 1 branch of the dungeon, and saw 3 of its levels.

You collected 115 gold pieces.

Inventory:

Hand Weapons
 f - a +1 short sword of speed (weapon)
 m - a +0 dagger of flaming
Armour
 a - a +1 robe (worn)
 i - a scarf of cloud immunity (worn)
Wands
 q - a wand of iceblast (11)
Scrolls
 e - 2 scrolls of identify {unknown}
 h - 3 scrolls of magic mapping
 l - a scroll of enchant armour
 n - a scroll of enchant weapon
Potions
 d - a potion of flight {unknown}
 g - a potion of agility {unknown}
 j - 2 potions of brilliance {unknown}
 k - a potion of heal wounds {unknown}
 o - a potion of berserk rage {unknown}
 r - a potion of degeneration {unknown}
Books
 b - a book of Callings

   Spells                             Type                      Level
   a - Summon Small Mammal            Summoning                    1
   b - Call Imp                       Summoning                    2
   c - Call Canine Familiar           Summoning                    3
   d - Summon Guardian Golem          Hexes/Summoning              3
   e - Summon Lightning Spire         Summoning/Air                4
   f - Summon Ice Beast               Ice/Summoning                4
Comestibles
 c - 7 rations


   Skills:
 + Level 3.0 Dodging
 + Level 3.3 Stealth
 + Level 3.2 Spellcasting
 + Level 4.8 Summonings


You couldn't memorise any spells.
You knew the following spells:

 Your Spells              Type           Power        Failure   Level  Hunger
a - Summon Small Mammal   Summ           ###.         2%          1    None
b - Call Imp              Summ           ###.....     3%          2    ##.....
c - Call Canine Familiar  Summ           ###.....     6%          3    ###....
d - Summon Ice Beast      Ice/Summ       ##......     50%         4    ####...


Dungeon Overview and Level Annotations

Branches:
Dungeon (3/15)

Altars:
Ashenzari
Dithmenos
Elyvilon
Ru

Annotations:
D:3 inmateoo's ghost, amateur DsSu


Innate Abilities, Weirdness & Mutations

You have a pair of small horns on your head.
You are slightly more attuned to the shadows.


Message History

Your crimson imp blinks!
There is an open door here.
The shadow imp gestures at you. Pain shoots through your body!
Unknown command.
The white imp gestures at you. The puff of frost hits you!
Your crimson imp hits the white imp.
The white imp completely misses your crimson imp.
Your crimson imp hits the white imp but does no damage.
The white imp misses your crimson imp.
Your crimson imp hits the white imp but does no damage.
The white imp gestures at you.
The puff of frost misses your crimson imp.
The puff of frost hits you!
* * * LOW HITPOINT WARNING * * *
Your crimson imp blinks!
The white imp gestures at you. The puff of frost hits you!
You die...

#.# #...# #....# #.#
#.:.# ###'.# #.#
#...# ##... #.#.#
#...# #.... #.#.#
#...# #..## #.#.#
#...# ###.### ###
#.#.####...# #....##
...#.#.......##
#......
#####.#.#..@#####
#......
#.......'...'...#
#.....#
.###.#.###5#...###.#
#.....#
.........†.#...###
#......
####..###)........
#...... #..#
#.######## #######
#..###5# ## #....#.#
#. #.##.#5# #.


You could see a white imp and a friendly crimson imp.

Vanquished Creatures
  An orc wizard (D:2)
  2 gnolls (D:3)
  An adder (D:3)
  2 leopard geckos
  2 ball pythons
  7 giant cockroaches
  4 goblins
  2 hobgoblins
  A quokka (D:2)
  2 bats
  A frilled lizard (D:2)
  4 kobolds
  3 rats
32 creatures vanquished.

Vanquished Creatures (collateral kills)
  Sigmund (D:2)
  A worker ant (D:2)
  2 gnolls (D:3)
  An adder (D:2)
  An ooze (D:1)
  A worm (D:3)
  A leopard gecko (D:3)
  6 hobgoblins
  2 jackals (D:2)
  A frilled lizard (D:1)
  5 kobolds
  3 rats
25 creatures vanquished.

Grand Total: 57 creatures vanquished

Notes
Turn   | Place    | Note
-------+----------+-------------------------------------------
     0 | D:1      | inmateoo the Demonspawn Summoner began the quest for the Orb.
     0 | D:1      | Reached XP level 1. HP: 13/13 MP: 3/3
   887 | D:1      | Gained mutation: You have a pair of small horns on your head. [demonic ancestry]
   887 | D:1      | Reached XP level 2. HP: 16/19 MP: 5/5
   931 | D:1      | Learned a level 2 spell: Call Imp
  1772 | D:2      | Reached XP level 3. HP: 24/24 MP: 1/6
  1898 | D:2      | Found a shattered altar of Ashenzari.
  1898 | D:2      | Noticed Sigmund
  1984 | D:2      | Killed Sigmund
  1984 | D:2      | Reached XP level 4. HP: 19/30 MP: 2/8
  2116 | D:2      | Found a white marble altar of Elyvilon.
  2231 | D:2      | Found a sacrificial altar of Ru.
  2264 | D:2      | Gained mutation: You are slightly more attuned to the shadows. [demonic ancestry]
  2264 | D:2      | Reached XP level 5. HP: 16/35 MP: 4/9
  2816 | D:3      | Found a shadowy altar of Dithmenos.
  2847 | D:3      | Learned a level 3 spell: Call Canine Familiar
  2852 | D:3      | Learned a level 4 spell: Summon Ice Beast
  3127 | D:3      | Noticed inmateoo's ghost (amateur DsSu)
  3147 | D:3      | Killed from afar by a white imp

Skill      XL: |  1  2  3  4  5 |
---------------+----------------+-----
Stealth        | 2 3 |  3.3
Dodging        | 2 3 |  3.0
Spellcasting   | 3 |  3.2
Summonings     | |  4.8

Action                   |  1- 3 |  4- 6 || total
-------------------------+-------+-------++-------
Melee: Unarmed           |    20 |       ||    20
       Short sword       |    59 |    72 ||   131
       Headbutt          |     7 |    11 ||    18
 Cast: Summon Small Mamm |    15 |       ||    15
       Call Imp          |    10 |    10 ||    20
       Call Canine Famil |       |     1 ||     1
  Use: Scroll            |     6 |     1 ||     7
 Stab: Sleeping          |     5 |    11 ||    16
       Distracted        |     1 |       ||     1
       Paralysed         |       |     1 ||     1
  Eat: Chunk             |     4 |     4 ||     8
Armor: Robe              |     8 |    17 ||    25
       Skin              |     2 |       ||     2
Dodge: Dodged            |    48 |    43 ||    91
